 Dungeon Crawl Stone Soup version 0.27-a0-1312-g5cdb2b3542 (webtiles) character file.

Game seed: 16892388187155011931

896 freelancePsychic the Destroyer (level 8, 0/48 HPs)
             Began as a Gargoyle Conjurer on June 19, 2021.
             Slain by a water moccasin zombie (2 damage)
             ... in an ossuary.
             The game lasted 00:11:27 (4782 turns).

freelancePsychic the Destroyer (Gargoyle Conjurer)  Turns: 4782, Time: 00:11:28

Health: 0/48       AC:  7    Str: 10    XL:     8   Next: 7%
Magic:  0/14       EV: 11    Int: 28    God:
Gold:   114        SH:  0    Dex:  8    Spells: 12/15 levels left

rFire    + . .     SeeInvis .   e - +2 dagger (venom)
rCold    + . .     Faith    .   (no shield)
rNeg     + . .     Spirit   +   a - +0 robe
rPois    ∞         Reflect  .   (no helmet)
rElec    +         Harm     .   (no cloak)
rCorr    +         Rampage  .   (no gloves)
Will     .....                  (no boots)
Stlth    ++........             c - amulet of guardian spirit
HPRegen  0.16/turn              d - +6 ring of intelligence
MPRegen  0.14/turn              (no ring)

@: brilliant, resistant, flying
A: sickness immunity, AC +5, negative energy resistance 1, electricity
resistance, torment resistance 1, petrification resistance
a: no special abilities


You were in an ossuary.
You visited 1 branch of the dungeon, and saw 4 of its levels.
You also visited: Sewer and Ossuary.

You collected 114 gold pieces.

Inventory:

Hand Weapons
 e - a +2 dagger of venom (weapon)
Missiles
 h - 2 atropa-tipped darts
 n - a curare-tipped dart
Armour
 a - a +0 robe (worn)
Jewellery
 c - an amulet of guardian spirit (around neck)
 d - a +6 ring of intelligence (left hand)
 g - a ring of positive energy
Wands
 k - a wand of acid (9)


   Skills:
 + Level 4.3 Fighting
 - Level 1.5 Dodging
 - Level 2.1 Stealth
 - Level 4.1 Spellcasting
 + Level 8.1 Conjurations
 + Level 2.0 Translocations


You had 12 spell levels left.
You knew the following spells:

 Your Spells              Type           Power      Damage    Failure   Level
a - Magic Dart            Conj           100%       1d8       1%          1
b - Searing Ray           Conj           100%       3d7       1%          2

Your spell library contained the following spells:

 Spells                   Type           Power      Damage    Failure   Level
 Dazzling Flash           Conj/Hex       84%        N/A       4%          3
 Iskenderun's Mystic Bla  Conj/Tloc      51%        2d11      9%          4
 Fulminant Prism          Conj/Hex       21%        3d13      14%         4


Dungeon Overview and Level Annotations

Branches:
Dungeon (4/15)              Sewer (visited)         Ossuary (1/1)
 Temple: D:4-7

Altars:

Annotations:
D:4 1 runed translucent door, Hubris850's ghost, amateur MfMo


Innate Abilities, Weirdness & Mutations

You are immune to sickness and miasma.
Your stone body is resilient. (AC +5)
You are immune to poison.
You resist negative energy. (rN+)
You are resistant to electric shocks. (rElec)
You are resistant to unholy torment.
You are immune to petrification.


Message History

The bullfrog zombie hits you but does no damage.
You feel better. The bullfrog zombie hits you.
You feel better.
The bullfrog zombie hits you but does no damage.
You hit the bullfrog zombie.
The bullfrog zombie is lightly damaged.
The bullfrog zombie hits you but does no damage.
You barely miss the mummy. You hit the mummy.
The mummy is moderately damaged.
Casting: Searing Ray (safe; 1% risk of failure)
Confirm with . or Enter, or press ? or * to list all spells.
Aiming: Searing Ray (safe; 1% risk of failure)
Press: ? - help, Shift-Dir - straight line, f - mummy
Aim: a mummy (moderately damaged, 92% to hit)
You feel a surge of power!
The searing ray hits the mummy!
The mummy is almost destroyed.
The searing ray hits the bullfrog zombie!
The bullfrog zombie is heavily damaged. (Press . to maintain the ray.)
You hit the mummy but do no damage.
The mummy is almost destroyed.
The mummy hits you!
You closely miss the mummy.
The mummy is almost destroyed.
The mummy hits you!
* * * LOW HITPOINT WARNING * * *
You hit the mummy.
You destroy the mummy!
A water moccasin zombie comes into view.
Your Translocations skill increases to level 2!
You hit the water moccasin zombie.
The water moccasin zombie is lightly damaged.
The water moccasin zombie bites you.
* * * LOW HITPOINT WARNING * * *
The water moccasin zombie bites you but does no damage.
You closely miss the water moccasin zombie.
The water moccasin zombie is lightly damaged.
The water moccasin zombie bites you.
You die...

### #####
#.'.#...#
###.'.Z.#
#.'.#MZ∩#
###Z#####
#.'ZZ@#
###Z###
.' ##


You could see 2 water moccasin zombies, a bullfrog zombie and a wyvern zombie.

Vanquished Creatures
  A hornet zombie (Ossuary)
  5 kobold brigands (Sewer)
  2 bullfrog zombies (Ossuary)
  A centaur zombie (Ossuary)
  Jessica (D:3)
  An orc wizard (D:3)
  8 mummies
  2 gnolls (D:2)
  6 adders
  A river rat (Sewer)
  8 worms
  2 dart slugs
  4 orcs (D:3)
  8 ball pythons
  6 bats
  13 endoplasms
  10 giant cockroaches
  11 goblins
  3 hobgoblins (D:2)
  8 quokkas
  3 frilled lizards
  6 kobolds
  13 rats
123 creatures vanquished.

Vanquished Creatures (others)
  33 plants (D:2)
  5 withered plants (Ossuary)
38 creatures vanquished.

Grand Total: 161 creatures vanquished

Notes
Turn   | Place    | Note
-------+----------+-------------------------------------------
     0 | D:1      | freelancePsychic the Gargoyle Conjurer began the quest for
                  | the Orb.
     0 | D:1      | Reached XP level 1. HP: 10/10 MP: 3/3
   269 | D:1      | Reached XP level 2. HP: 15/15 MP: 3/5
   588 | D:1      | Reached skill level 5 in Conjurations
   608 | D:1      | Learned a level 2 spell: Searing Ray
   739 | D:1      | Reached XP level 3. HP: 19/19 MP: 2/6
  1333 | D:2      | Found a faded altar of an unknown god.
  1510 | D:2      | Reached XP level 4. HP: 24/24 MP: 1/8
  2402 | D:3      | Reached skill level 1 in Fighting
  2450 | D:3      | Found a glowing drain.
  2467 | D:3      | Reached skill level 6 in Conjurations
  2467 | D:3      | Reached XP level 5. HP: 24/29 MP: 2/9
  2473 | Sewer    | Entered a sewer
  2701 | Sewer    | Noticed a kobold brigand
  2706 | Sewer    | Killed a kobold brigand
  2967 | Sewer    | Reached XP level 6. HP: 35/35 MP: 6/11
  3317 | Sewer    | Reached skill level 7 in Conjurations
  3447 | Sewer    | Reached XP level 7. HP: 40/40 MP: 3/12
  4149 | D:3      | Noticed Jessica
  4215 | D:3      | Killed Jessica
  4571 | D:4      | Noticed Hubris850's ghost (amateur MfMo)
  4574 | D:4      | Found a runed translucent door.
  4645 | D:4      | Found a sand-covered staircase.
  4654 | Ossuary  | Entered an ossuary
  4731 | Ossuary  | Reached skill level 1 in Translocations
  4756 | Ossuary  | Reached skill level 8 in Conjurations
  4771 | Ossuary  | Reached XP level 8. HP: 20/48 MP: 0/14
  4779 | Ossuary  | HP: 2/48 [mummy (17)]
  4782 | Ossuary  | Slain by a water moccasin zombie

Illustrated notes

Levels and vault maps discovered:
D:1:      saegor_arrival_simple_b, layout_basic, glass_columns_a,
          amethyst_killhole, minmay_misc_feat_tower, glass_columns_a,
          nrook_mini_backslash
D:2:      wad_woods_tower, layout_basic,
          shapermc_ecumenical_altar_mp_ritualfount
D:3:      layout_loops_ring, gup_sewer_entry_glass, uniq_jessica
D:4:      layout_loops_ring, nicolae_overflow_crystal_walls,
          gup_ossuary_entry_pyramid, hellmonk_ghost_happy_afterlife,
          minivault_19, eino_tiny_chamber, st_stairs_13
Ossuary:  ossuary_zaba_flooded

Skill      XL: |  1  2  3  4  5  6  7  8 |
---------------+-------------------------+-----
Conjurations   | 5 6 7 8 |  8.1
Fighting       | 1 2 4 |  4.3
Spellcasting   | 3 4 |  4.1
Translocations | 1 2 |  2.0
Dodging        | |  1.5
Stealth        | |  2.1

Action                   |  1- 3 |  4- 6 |  7- 9 || total
-------------------------+-------+-------+-------++-------
Melee: Unarmed           |     5 |       |       ||     5
       Dagger            |     6 |    29 |    88 ||   123
 Cast: Magic Dart        |    48 |    10 |     3 ||    61
       Searing Ray       |     3 |    24 |    20 ||    47
  Use: Scroll            |       |     3 |     3 ||     6
       Potion            |       |       |     8 ||     8
 Stab: Sleeping          |     1 |     1 |       ||     2
Armor: Robe              |     9 |    18 |    36 ||    63
Dodge: Dodged            |    12 |    31 |    59 ||   102

Table legend: (Time is in decaauts)
 A = Elapsed time spent in this place.
 B = Non-inter-level travel time spent in this place.
 C = Inter-level travel time spent in this place.
 D = Time resting spent in this place.
 E = Time spent auto-exploring this place.
 F = Levels seen in this place.
 G = Mean time per level.
                   A        B        C        D        E       F      G
               +--------+--------+--------+--------+--------+-----+--------+
         Total |   4939 |   4863 |     76 |    121 |   3884 |   6 |  823.2 |
       Dungeon |   3387 |   3311 |     76 |    100 |   2617 |   4 |  846.8 |
         Sewer |   1423 |   1423 |      0 |      0 |   1246 |   1 | 1423.0 |
       Ossuary |    127 |    127 |      0 |     21 |     20 |   1 |  127.0 |
               +--------+--------+--------+--------+--------+-----+--------+

Top non-repeatable levels by time:
   Sewer: 1423 daAuts
     D:1: 1370 daAuts
     D:2: 1014 daAuts
     D:3: 904 daAuts
 Ossuary: 127 daAuts
     D:4: 98 daAuts
